 Dungeon Crawl Stone Soup version 0.28-a0-500-g121bc3e445 (webtiles) character file.

Game seed: 7586688647391540319

62 Rennog the Skirmisher (level 3, -1/31 HPs)
             Began as a Demonspawn Fighter on Sept 20, 2021.
             Slain by Natasha (4 damage)
             ... on level 2 of the Dungeon.
             The game lasted 00:01:13 (1389 turns).

Rennog the Skirmisher (Demonspawn Fighter)          Turns: 1389, Time: 00:01:14

Health: -1/31      AC:  6    Str: 16    XL:     3   Next: 85%
Magic:  3/3        EV: 10    Int: 10    God:
Gold:   47         SH:  5    Dex: 18    Spells: 2/2 levels left

rFire   . . .      SeeInvis .   a - +0 rapier
rCold   . . .      Faith    .   c - +0 buckler
rNeg    . . .      Spirit   .   b - +0 scale mail
rPois   .          Reflect  .   (no helmet)
rElec   .          Harm     .   (no cloak)
rCorr   .          Rampage  .   (no gloves)
Will    .....                   (no boots)
Stlth   +.........              (no amulet)
HPRegen 0.10/turn               f - +6 ring of dexterity
MPRegen 0.08/turn               (no ring)

@: slowed, very slow
A: sturdy frame 1, demonic magic 1
a: no special abilities


You were on level 2 of the Dungeon.
You visited 1 branch of the dungeon, and saw 2 of its levels.

You collected 47 gold pieces.

Inventory:

Hand Weapons
 a - a +0 rapier (weapon)
Armour
 b - a +0 scale mail (worn)
 c - a +0 buckler (worn)
Jewellery
 f - a +6 ring of dexterity (left hand)
 h - a ring of resist corrosion
Scrolls
 g - a scroll of identify {unknown}
 i - a scroll of teleportation {unknown}
 j - a scroll of torment {unknown}
 k - a scroll of amnesia {unknown}
Potions
 d - a potion of might
 e - a potion of haste {unknown}
 l - a potion of curing {unknown}
 m - a potion of resistance {unknown}
 n - 2 potions of attraction {unknown}


   Skills:
 * Level 4.3 Fighting
 - Level 1.7 Short Blades
 - Level 2.6 Armour
 + Level 1.6 Dodging
 - Level 2.6 Shields


You had 2 spell levels left.
You didn't know any spells.
Your spell library was empty.

Dungeon Overview and Level Annotations

Branches:
Dungeon (2/15)

Altars:

Shops:
D:2 ?

Annotations:
D:2 Natasha


Innate Abilities, Weirdness & Mutations

Your movements are slightly less encumbered by armour. (ER -2)
Spells you cast may paralyse adjacent enemies.


Message History

Natasha shimmers violently.
Natasha barely misses you. Natasha claws you.
You barely miss Natasha.
Natasha is heavily wounded.
Natasha claws you.
You are too injured to fight recklessly!
You are too injured to fight recklessly!
You are too injured to fight recklessly!
You are too injured to fight recklessly!
You are too injured to fight recklessly!
You are too injured to fight recklessly!
You are too injured to fight recklessly!
You are too injured to fight recklessly!
You are too injured to fight recklessly!
You are too injured to fight recklessly!
You are too injured to fight recklessly!
You are too injured to fight recklessly!
You are too injured to fight recklessly!
You are too injured to fight recklessly!
You are too injured to fight recklessly!
You closely miss Natasha.
Natasha is heavily wounded.
Natasha misses you. Natasha closely misses you.
You barely miss Natasha.
Natasha is heavily wounded.
Natasha claws you. x2
You barely miss Natasha.
Natasha is heavily wounded.
Natasha mumbles some strange words.
You closely miss Natasha.
Natasha is heavily wounded.
Natasha claws you!
* * * LOW HITPOINT WARNING * * *
Natasha mumbles some strange words.
You hit Natasha.
Natasha is severely wounded.
Natasha claws you.
* * * LOW HITPOINT WARNING * * *
Natasha claws you.
You die...

...#####.##.##........#
............##.########
...#####.#####.#
.........# #†#
##.#####.#####.########
#.#..................#
#.###########.#####.##
#.# #.#####.# #.#
#..@h55.# #.# #########
#.


You could see Natasha and 2 crimson imps.

Vanquished Creatures
  2 adders (D:2)
  A worm (D:2)
  A dart slug (D:2)
  2 endoplasms (D:1)
  4 giant cockroaches
  5 goblins
  2 hobgoblins
  A quokka (D:1)
  5 ball pythons
  6 bats (D:1)
  A frilled lizard (D:1)
  5 kobolds
  4 rats
39 creatures vanquished.

Notes
Turn   | Place    | Note
-------+----------+-------------------------------------------
     0 | D:1      | Rennog the Demonspawn Fighter began the quest for the Orb.
     0 | D:1      | Reached XP level 1. HP: 18/18 MP: 1/1
   149 | D:1      | Gained mutation: Spells you cast may paralyse adjacent
                  | enemies. [demonic ancestry]
   149 | D:1      | Reached XP level 2. HP: 22/24 MP: 2/2
   409 | D:1      | Reached skill level 1 in Dodging
   516 | D:1      | Found a faded altar of an unknown god.
   834 | D:2      | Found Ygemau's Magic Scroll Boutique.
   853 | D:2      | Gained mutation: Your movements are slightly less
                  | encumbered by armour. (ER -2) [demonic ancestry]
   853 | D:2      | Reached XP level 3. HP: 16/30 MP: 3/3
  1085 | D:2      | Reached skill level 4 in Fighting
  1375 | D:2      | Noticed Natasha
  1389 | D:2      | Slain by Natasha

Illustrated notes

Levels and vault maps discovered:
D:1:      giann_forest_graveyard, layout_rooms, serial_corexii_hall,
          corexii_hall_statues_x, corexii_hall_statues_i,
          corexii_hall_statues_deadend, shapermc_ecumenical_altar_flowoftime,
          minmay_misc_feat_enclosed
D:2:      layout_basic, basic_altar, serial_shops, shop, minmay_small_reverse_x,
          uniq_natasha

Skill      XL: |  1  2  3 |
---------------+----------+-----
Dodging        | 1 |  1.6
Fighting       | 4 |  4.3
Short Blades   | |  1.7
Armour         | |  2.6
Shields        | |  2.6

Action                   || total
-------------------------++-------
Melee: Rapier            ||   155
Armor: Scale mail        ||    69
Dodge: Dodged            ||    89
Block: Buckler           ||    40

Table legend: (Time is in decaauts)
 A = Elapsed time spent in this place.
 B = Non-inter-level travel time spent in this place.
 C = Inter-level travel time spent in this place.
 D = Time resting spent in this place.
 E = Time spent auto-exploring this place.
 F = Levels seen in this place.
 G = Mean time per level.
                   A        B        C        D        E       F      G
               +--------+--------+--------+--------+--------+-----+--------+
         Total |   1415 |   1382 |     33 |      0 |   1100 |   2 |  707.5 |
       Dungeon |   1415 |   1382 |     33 |      0 |   1100 |   2 |  707.5 |
               +--------+--------+--------+--------+--------+-----+--------+

Top non-repeatable levels by time:
     D:1: 823 daAuts
     D:2: 592 daAuts
